 Dungeon Crawl Stone Soup version 0.19.1-1-g22dce08 (webtiles) character file.

63 godfroggy the Vexing (level 3, -2/24 HPs)
             Began as a Vampire Enchanter on Jan 6, 2017.
             Was an Initiate of Dithmenos.
             Slain by a gnoll
             ... wielding a +0 halberd
              (9 damage)
             ... on level 2 of the Dungeon.
             The game lasted 00:11:31 (1626 turns).

godfroggy the Vexing (Vampire Enchanter)            Turns: 1626, Time: 00:11:31

Health: -2/24      AC:  6    Str:  8    XL:     3   Next: 87%
Magic:  6/6        EV: 12    Int: 17    God:    Dithmenos [......]
Gold:   74         SH:  0    Dex: 14    Spells: 1 memorised, 5 levels left

rFire  . . .     SeeInvis +     i - +0 short sword
rCold  + . .     Gourm    .     b - +2 robe
rNeg   + + .     Faith    .     (no shield)
rPois  +         Spirit   .     h - +0 helmet
rElec  .         Reflect  .     (no cloak)
rCorr  .         Harm     .     (no gloves)
MR     .....                    k - +0 pair of boots
Stlth  ++++......               (no amulet)
                                (no ring)
                                (no ring)

@: regenerating slowly
A: fangs 3, see invisible, unbreathing
a: Bat Form, Renounce Religion


You were on level 2 of the Dungeon.
You worshipped Dithmenos.
Dithmenos was noncommittal.
You were very thirsty.

You visited 1 branch of the dungeon, and saw 2 of its levels.

You collected 74 gold pieces.

Inventory:

Hand Weapons
 a - a +1 dagger
 i - a +0 short sword (weapon)
Armour
 b - a +2 robe (worn)
 h - a +0 helmet (worn)
 k - a +0 pair of boots (worn)
Scrolls
 e - a scroll of identify
 j - a scroll of noise {unknown}
Potions
 d - a potion of blood
 f - a potion of might {unknown}
 g - 3 potions of curing {unknown}
 m - a potion of haste {unknown}
Books
 c - a book of Maledictions

   Spells                             Type                      Level
   a - Corona                         Hexes                        1
   b - Ensorcelled Hibernation        Hexes/Ice                    2
   c - Confuse                        Hexes                        3
   d - Tukima's Dance                 Hexes                        3
   e - Dazzling Spray                 Conjuration/Hexes            3


   Skills:
 + Level 4.1 Short Blades
 - Level 2.1 Dodging
 - Level 4.4 Stealth
 - Level 2.0 Spellcasting
 - Level 4.4 Hexes


You had 5 spell levels left.
You knew the following spells:

 Your Spells              Type           Power        Failure   Level  Hunger
a - Corona                Hex            ###....      3%          1    #......


Dungeon Overview and Level Annotations

Branches:
Dungeon (2/15)

Altars:
Dithmenos
Yredelemnul


Innate Abilities, Weirdness & Mutations

You heal slowly.
You have razor-sharp teeth.
You have supernaturally acute eyesight. (SInv)
You can survive without breathing.


Message History

The worm is lightly wounded.
You hit the worm.
The worm is lightly wounded.
The worm bites you!
A gnoll comes into view. It is wielding a spear.
You hit the worm.
The worm is lightly wounded.
The gnoll closely misses you.
You hit the worm. You bite the worm, but do no damage.
The worm is moderately wounded.
The worm bites you.
You hit the worm.
The worm is moderately wounded.
The gnoll misses you.
You hit the worm but do no damage.
The worm is moderately wounded.
The worm bites you.
* * * LOW HITPOINT WARNING * * *
The gnoll hits you from afar with a halberd!
You die...

.......K.r.K.###.....#####
........####...g.._......#
........# #####.....###.#
#######.####.# #.....# #.#
####........# ###.### #.#
........##.# #.# #.#
.......#...######.#####.#
............ggw.......#.#
.........######@........#
..#..#.####.......###.###
.....#.#....#######.....##
..........#### ##.......##
......#.#....# #...###...#
....g.....##.#####.)##.##..#
...........#....###.#._.#.##
..g......#.####..##.......#
.........#........##.%...##


You could see a worm and 2 gnolls.

Vanquished Creatures
  2 adders (D:2)
  An ooze (D:1)
  3 leopard geckos
  5 bats (D:1)
  A giant cockroach (D:1)
  2 goblins (D:2)
  4 hobgoblins
  6 kobolds
  2 ball pythons
  4 frilled lizards
  8 rats
38 creatures vanquished.

Notes
Turn   | Place    | Note
-------+----------+-------------------------------------------
     0 | D:1      | godfroggy the Vampire Enchanter began the quest for the Orb.
     0 | D:1      | Reached XP level 1. HP: 13/13 MP: 3/3
   199 | D:1      | Reached XP level 2. HP: 18/19 MP: 5/5
   756 | D:1      | Reached XP level 3. HP: 22/24 MP: 6/6
  1457 | D:2      | Found a basalt altar of Yredelemnul.
  1515 | D:2      | Found a shadowy altar of Dithmenos.
  1525 | D:2      | Became a worshipper of Dithmenos the Shadowed
  1626 | D:2      | Slain by a gnoll

Skill      XL: |  1  2  3 |
---------------+----------+-----
Short Blades   | 2 3 4 |  4.1
Dodging        | |  2.1
Stealth        | |  4.4
Spellcasting   | |  2.0
Hexes          | |  4.4

Action                   || total
-------------------------++-------
Melee: Dagger            ||   127
       Bite              ||    10
       Short sword       ||    30
 Abil: End Transformatio ||     1
       Bat Form          ||     1
  Use: Scroll            ||     4
 Stab: Sleeping          ||     9
Armor: Robe              ||    38
Dodge: Dodged            ||    80
